 Dungeon Crawl Stone Soup version 0.25-a0-578-gc91f01c39c (webtiles) character file.

Game seed: 14643109580666360424, levelgen mode: deterministic

123905 magipi the Fighter (level 16, -6/146 HPs)
             Began as a Minotaur Conjurer on Mar 4, 2020.
             Was a High Priest of Okawaru.
             Mangled by a shambling mangrove (18 damage)
             ... on level 1 of the Swamp on Mar 5, 2020.
             The game lasted 02:04:24 (31034 turns).

magipi the Fighter (Minotaur Conjurer)             Turns: 31034, Time: 02:04:25

Health: -6/146     AC: 25    Str: 27    XL:     16   Next: 38%
Magic:  21/23      EV: 12    Int: 12    God:    Okawaru [*****.]
Gold:   2210       SH: 10    Dex:  8    Spells: 16/17 levels left

rFire    + + .     SeeInvis +   a - +3 broad axe of Sekaphor {flame, rElec rF+}
rCold    + + +     Gourm    .   C - +0 kite shield of Xiceerr {rF+ Str+6 Dex-2}
rNeg     . . .     Faith    .   R - +4 scale mail {rPois}
rPois    +         Spirit   .   d - +1 hat
rElec    +         Reflect  .   A - +2 cloak {+Inv}
rCorr    .         Harm     .   M - +2 pair of gloves
MR       ++...                  N - +1 pair of boots "Gikismag" {*Drain +Blink rC+++ Regen+}
Stlth    +.........             r - amulet of regeneration
HPRegen  1.14/turn              i - ring of see invisible
MPRegen  0.18/turn              m - ring of protection from magic

@: heroism, grasped by roots, slowed, constricted, drained, very slow
A: retaliatory headbutt, horns 2
a: Heroism, Finesse, Renounce Religion, Evoke Blink, Evoke Invisibility


You were on level 1 of the Swamp.
You worshipped Okawaru.
Okawaru was extremely pleased with you.
You were hungry.

You visited 5 branches of the dungeon, and saw 26 of its levels.
You visited the Abyss 1 time.
You also visited: Gauntlet.

You collected 2842 gold pieces.
You spent 632 gold pieces at shops.

Inventory:

Hand Weapons
 a - the +3 broad axe of Sekaphor (weapon) {flame, rElec rF+}
   (You found it in a Gauntlet)

   It has been specially enchanted to burn those struck by it, causing extra
   injury to most foes and up to half again as much damage against particularly
   susceptible opponents.
   Big, fiery blades are also staple armaments of hydra-hunters.
   It protects you from fire.
   It insulates you from electricity.
 Y - a +4 vampiric trident
   (You found it on level 9 of the Dungeon)
Missiles
 w - a throwing net
 E - 26 silver javelins
 P - 13 curare-tipped darts
 W - 23 javelins (quivered)
Armour
 d - a +1 hat (worn)
   (You found it in a Gauntlet)
 A - a +2 cloak of invisibility (worn)
   (You took it off Maurice on level 9 of the Dungeon)
 C - the +0 kite shield of Xiceerr (worn) {rF+ Str+6 Dex-2}
   (You found it in a Gauntlet)

   It affects your strength (+6).
   It affects your dexterity (-2).
   It protects you from fire.
 M - a +2 pair of gloves (worn)
   (You found it on level 11 of the Dungeon)
 N - the +1 pair of boots "Gikismag" (worn) {*Drain +Blink rC+++ Regen+}
   (You found it in a Gauntlet)

   It renders you almost immune to cold.
   It lets you blink.
   It increases your rate of regeneration.
   It causes draining when unequipped.
   If you remove this armour, your AC will decrease by 3 (25 -> 22).
 R - a +4 scale mail of poison resistance (worn)
   (Okawaru gifted it to you on level 1 of the Lair of Beasts)
Jewellery
 i - a ring of see invisible (left hand)
   (You took it off an orc on level 10 of the Dungeon)
 m - a ring of protection from magic (right hand)
   (You found it on level 6 of the Lair of Beasts)
 n - an uncursed ring of positive energy
   (You found it on level 9 of the Dungeon)
 o - an uncursed ring of resist corrosion
   (You took it off an orc on level 9 of the Dungeon)
 p - an uncursed ring of poison resistance
   (You found it on level 8 of the Dungeon)
 r - an amulet of regeneration (around neck)
   (You found it on level 1 of the Lair of Beasts)
Wands
 b - a wand of polymorph (8)
   (You found it on level 15 of the Dungeon)
 y - a wand of paralysis (7)
   (You found it on level 10 of the Dungeon)
 z - a wand of enslavement (11)
   (You found it on level 4 of the Dungeon)
 F - a wand of acid (15)
   (You found it on level 9 of the Dungeon)
 K - a wand of flame (1)
   (You took it off a human on level 13 of the Dungeon)
 Z - a wand of iceblast (6)
   (You found it on level 6 of the Lair of Beasts)
Scrolls
 e - 5 scrolls of remove curse
 k - 3 scrolls of fog
 s - 2 scrolls of fear
 I - 7 scrolls of teleportation
 X - 3 scrolls of blinking
Potions
 c - 2 potions of flight
 f - a potion of heal wounds
 h - 5 potions of cancellation
 l - 3 potions of stabbing
 t - 4 potions of lignification
 u - 5 potions of might
 v - a potion of haste
 B - a potion of magic
 G - 2 potions of mutation
 H - 7 potions of curing
 L - a potion of invisibility
 O - 3 potions of berserk rage
 Q - a potion of resistance
Miscellaneous
 g - a phial of floods (inert)
   (You found it on level 6 of the Lair of Beasts)
 q - a box of beasts
Comestibles
 x - 39 rations


   Skills:
 + Level 14.0(18.1) Fighting
 * Level 8.9(15.1) Axes
   Level 10.2(15.6) Maces & Flails
 + Level 13.4(17.5) Throwing
 + Level 12.3(16.4) Armour
 + Level 13.2(17.3) Dodging
 - Level 1.5(5.9) Stealth
 - Level 1.3(0.8) Spellcasting
 - Level 3.0(2.4) Conjurations
 + Level 11.0(10.2) Invocations
 + Level 8.5(7.8) Evocations


You had 16 spell levels left.
You knew the following spells:

 Your Spells              Type           Power        Failure   Level  Hunger
a - Magic Dart            Conj           #...         61%         1    ##.....

Your spell library contained the following spells:

 Spells                   Type           Power        Failure   Level  Hunger
 Searing Ray              Conj           #.....       75%         2    ###....
 Corona                   Hex            #......      91%         1    ##.....
 Sting                    Tmut/Pois      #...         91%         1    ##.....
 Blink                    Tloc           N/A          97%         2    ###....
 Call Imp                 Summ           #.......     97%         2    ###....
 Ensorcelled Hibernation  Hex/Ice        #.....       97%         2    ###....
 Poisonous Vapours        Pois/Air       #.....       97%         2    ###....
 Shroud of Golubria       Chrm/Tloc      #.....       97%         2    ###....
 Slow                     Hex            #.......     97%         2    ###....
 Conjure Flame            Conj/Fire      #.......     98%         3    ####...
 Dazzling Flash           Conj/Hex       #.....       98%         3    ####...
 Confusing Touch          Hex            #.......     99%         3    ####...
 Gell's Gravitas          Tloc           #.........   99%         3    ####...
 Ignite Poison            Fire/Tmut/Pois #.......     99%         3    ####...
 Lesser Beckoning         Tloc           #.........   99%         3    ####...
 Mephitic Cloud           Conj/Pois/Air  #.......     99%         3    ####...
 Recall                   Summ/Tloc      N/A          99%         3    ####...
 Teleport Other           Tloc           #.......     99%         3    ####...
 Tukima's Dance           Hex            #.......     99%         3    ####...
 Fulminant Prism          Conj/Hex       #.........   100%        4    #####..
 Iskenderun's Mystic Bla  Conj/Tloc      #.......     100%        4    #####..
 Olgreb's Toxic Radiance  Pois           #.......     100%        4    #####..
 Passage of Golubria      Tloc           N/A          100%        4    #####..
 Aura of Abjuration       Summ           #.........   100%        5    ######.
 Summon Demon             Summ           #.........   100%        5    ######.
 Summon Forest            Summ/Tloc      #.........   100%        5    ######.
 Summon Mana Viper        Hex/Summ       #.......     100%        5    ######.
 Freezing Cloud           Conj/Ice/Air   #.........   100%        6    #######
 Shadow Creatures         Summ           N/A          100%        6    #######
 Ring of Flames           Chrm/Fire      #.........   100%        7    #######


Dungeon Overview and Level Annotations

Branches:
Dungeon (15/15) Temple (1/1) D:4 Lair (6/6) D:11 Swamp (2/4) Lair:2 Snake (0/4) Lair:3 Slime (0/5) Lair:5 Orc (2/2) D:12 Elf (0/3) Orc:2 Vaults (0/5) D:12 D:13 Depths (0/5) D:15 Gauntlet (visited)

Altars:
Ashenzari
Cheibriados
Dithmenos
Elyvilon
Fedhas
Gozag
Hepliaklqana
Kikubaaqudgha
Makhleb
Nemelex Xobeh
Okawaru
Qazlal
Sif Muna
Trog
Uskayaw
Vehumet
Wu Jian
Xom
Yredelemnul
Zin
The Shining One

Shops:
D:10 *   Orc:2 :*([

Annotations:
D:14 dig
Lair:1 3 runed translucent doors, sixsigma's ghost, journeyman GnWz


Innate Abilities, Weirdness & Mutations

You reflexively headbutt those who attack you in melee.
You have a pair of horns on your head.


Message History

The grasping roots constrict you.
You escape the roots' grasp.
The spriggan rider hits you but does no damage.
The shambling mangrove hits you but does no damage.
Unknown command.
Your shield prevents you from hitting the shambling mangrove.
You block the spriggan rider's attack.
You slash the shambling mangrove! You burn the shambling mangrove.
You headbutt the shambling mangrove!
The shambling mangrove is moderately damaged.
The shambling mangrove hits you!!
The spriggan rider hits you but does no damage.
Unknown command.
You slash the shambling mangrove! You burn the shambling mangrove.
The shambling mangrove is heavily damaged.
You block the spriggan rider's attack. The shambling mangrove hits you.
Unknown command.
You barely miss the shambling mangrove.
The shambling mangrove is heavily damaged.
The spriggan rider hits you but does no damage.
The shambling mangrove hits you but does no damage.
Unknown command.
You slash the shambling mangrove! You burn the shambling mangrove.
You headbutt the shambling mangrove, but do no damage.
The shambling mangrove is heavily damaged.
The spriggan rider closely misses you.
Angry insects surge out from beneath the shambling mangrove's foliage!
Roots burst forth from the earth!
The grasping roots grab you! The grasping roots constrict you.
The spriggan rider hits you from afar with a +0 spear!
You barely miss the shambling mangrove.
You headbutt the shambling mangrove, but do no damage.
The shambling mangrove is heavily damaged.
You hit the hornet. You burn the hornet. The hornet stings you.
You feel yourself slow down.
The shambling mangrove hits you but does no damage.
The grasping roots constrict you. You block the spriggan rider's attack.
You hit the shambling mangrove. You burn the shambling mangrove.
The shambling mangrove is heavily damaged.
You hit the hornet but do no damage. x2; You block the hornet's attack.
The hornet completely misses you. You furiously retaliate!
You headbutt the hornet. You block the hornet's attack. x2
The spriggan rider hits you but does no damage.
The shambling mangrove hits you. The grasping roots constrict you.
The hornet stings you! The hornet stings you.
You feel as though you will be slow longer.
The hornet stings you.
You feel as though you will be slow longer.
The spriggan rider hits you from afar with a +0 spear!
You are too injured to fight recklessly!
Unknown command.
You escape the roots' grasp.
The hornet misses you.
The hornet stings you but does no damage.
You slash the shambling mangrove! You burn the shambling mangrove.
The shambling mangrove is severely damaged.
You hit the hornet but do no damage. You closely miss the hornet.
You block the hornet's attack. The hornet barely misses you.
The spriggan rider hits you from afar with a +0 spear.
You block the hornet's attack.
The shambling mangrove barely misses you.
You furiously retaliate!
You headbutt the shambling mangrove. You block the hornet's attack.
The hornet stings you but does no damage.
You block the spriggan rider's attack.
The hornet stings you but does no damage.
Unknown command.
You gain the combat prowess of a mighty hero.
You block the hornet's attack. The hornet stings you.
You feel as though you will be slow longer.
The hornet stings you!
Roots burst forth from the earth!
The grasping roots grab you! The grasping roots constrict you!
The hornet barely misses you. You block the spriggan rider's attack.
You block the hornet's attack. x2
Unknown command.
You hit the shambling mangrove but do no damage.
You headbutt the shambling mangrove, but do no damage.
The shambling mangrove is severely damaged.
You hit the hornet. You burn the hornet. You miss the hornet.
You hit the hornet. You burn the hornet. You block the hornet's attack. x3
The shambling mangrove hits you!
* * * LOW HITPOINT WARNING * * *
The grasping roots constrict you!
The spriggan rider hits you from afar with a +0 spear!
* * * LOW HITPOINT WARNING * * *
The hornet closely misses you. The hornet misses you.
The hornet barely misses you. You furiously retaliate!
You headbutt the hornet!!
Unknown command.
Unknown command.
Unknown command.
Unknown command.
Unknown command.
Unknown command.
As you read the scroll of fear, it crumbles to dust.
You assume a fearsome visage.
The hornet looks frightened! x3
The shambling mangrove is unaffected.
The spriggan rider looks frightened!
The shambling mangrove hits you!
* * * LOW HITPOINT WARNING * * *
You die...

♣♣♣♣♣♣♣♣♣ ♣♣.≈♣♣♣♣♣♣
♣♣(<...≈≈♣ ♣.≈≈≈♣♣≈≈♣♣
♣...≈≈≈≈♣♣ ♣≈≈≈§♣≈≈≈.♣♣♣♣♣
....≈≈≈♣♣ ♣≈..♣≈.≈≈≈...≈.
.>.†..(♣ ♣≈...≈≈≈≈≈..≈
..≈≈≈.♣♣♣ ♣♣....÷≈≈≈≈.≈≈
.≈≈≈≈..≈♣♣ ♣♣.y≈y..i≈≈≈≈≈≈
..≈≈≈≈≈.≈♣♣♣≈.≈≈≈f≈≈≈≈≈≈≈≈
♣.≈≈≈≈≈≈.♣♣...y§@♣.≈≈≈≈≈≈≈
♣♣♣♣.≈≈≈≈.......♣♣.≈≈≈≈≈.♣
♣♣.≈≈≈≈≈.≈≈...♣♣..≈..♣♣♣
♣♣♣.≈≈≈≈≈≈≈♣♣...♣♣♣♣♣.♣♣
≈♣.≈≈≈≈.≈≈≈≈♣..♣♣ ♣♣
...≈≈≈≈..≈§≈♣.≈♣
.......♣......≈♣
...≈≈.♣♣♣≈....♣♣
.≈≈≈≈≈..♣.≈♣♣♣♣


You could see a shambling mangrove, a spriggan rider (fleeing) and 3 hornets.

Vanquished Creatures
  Louise (Swamp:2)
  A deep elf elementalist (Abyss:3)
  Nessos (D:13)
  2 entropy weavers
  3 stone giants (Orc:2)
  Snorg (Lair:5)
  3 ettins (Orc:2)
  A blizzard demon (Abyss:3)
  A death ooze (Gauntlet)
  A fire dragon (D:15)
  A merfolk impaler (Abyss:3)
  An ice dragon (D:15)
  7 hydras
  A ghost crab (Swamp:1)
  A centaur warrior (D:13)
  A death knight (D:15)
  9 two-headed ogres
  A catoblepas (Lair:4)
  4 alligators
  A tengu warrior (D:15)
  An ogre mage (D:11)
  A queen ant (Lair:4)
  2 thrashing horrors (Abyss:3)
  Nergalle (D:11)
  A wretched star (Abyss:3)
  A deep elf knight (D:13)
  2 unseen horrors
  A swamp dragon (Swamp:2)
  A wizard (D:14)
  A wolf spider (D:15)
  3 deep elf magi
  5 orc knights
  5 ugly things
  8 cyclopes (Orc:2)
  5 elephants
  Maurice (D:9)
  3 black mambas
  An apocalypse crab (Abyss:3)
  2 smoke demons (Abyss:3)
  2 gargoyles
  A molten gargoyle (D:14)
  8 centaur skeletons
  22 spiny frogs
  A kobold demonologist (D:15)
  2 rime drakes
  6 komodo dragons
  A tengu conjurer (D:13)
  An ancient zyme (Abyss:3)
  A polar bear (Lair:5)
  7 tyrant leeches
  4 large abominations (Abyss:3)
  6 trolls
  2 raiju (Abyss:3)
  Prince Ribbit (D:8)
  2 bog bodies
  32 blink frogs
  A hornet (Swamp:2)
  9 slime creatures
  11 hippogriffs
  10 dream sheep
  A meliai zombie (D:13)
  3 flying skulls (Gauntlet)
  7 shadows
  2 wyverns
  2 wraiths
  2 starcursed masses (Abyss:3)
  A vampire (D:9)
  2 chaos spawn (Abyss:3)
  59 yaks
  6 basilisks
  16 humans
  2 hungry ghosts
  14 vampire mosquitoes
  A neqoxec (Abyss:3)
  2 swamp worms (Swamp:1)
  An insubstantial wisp (Swamp:1)
  4 nagas (Lair:3)
  17 water moccasins
  An acid dragon (D:15)
  27 soldier ants (Lair:4)
  16 porcupines
  2 wargs
  3 hell hounds (Abyss:3)
  Duvessa (D:4)
  3 swamp drakes
  A hornet zombie (D:15)
  4 ice beasts
  2 black bears
  3 sky beasts
  2 necrophages
  29 orc warriors
  3 eyes of draining
  3 phantoms
  6 centaurs
  24 ogres
  8 wolves
  11 crocodiles
  A big kobold (shapeshifter) (Abyss:3)
  A big kobold (D:12)
  4 small abominations (Abyss:3)
  28 bullfrogs
  A gnoll sergeant (D:7)
  Dowan (D:4)
  9 scorpions
  18 jellies
  15 killer bees
  4 howler monkeys
  9 wights
  2 electric eels (Lair:6)
  2 bullfrog zombies
  4 centaur zombies
  4 crimson imps
  A quasit (D:12)
  3 bullfrog skeletons
  10 hounds
  20 orc priests
  2 iron imps (Abyss:3)
  32 orc wizards
  6 iguanas
  28 worker ants
  A hound zombie (D:9)
  3 hound skeletons
  A worker ant zombie (D:6)
  A howler monkey zombie (D:5)
  2 howler monkey skeletons (D:8)
  10 adders
  6 gnolls
  7 shadow imps
  A white imp (Abyss:3)
  2 oozes (D:1)
  4 adder zombies
  3 adder skeletons
  4 worms
  A dart slug (D:2)
  8 leopard geckos
  141 orcs
  8 giant cockroaches
  15 goblins
  7 hobgoblins
  16 jackals
  3 quokkas
  2 ball pythons
  7 bats
  5 frilled lizards
  13 kobolds
  A leopard gecko zombie (D:8)
  5 rats
  A butterfly (Lair:3)
  5 fungi (Orc:2)
996 creatures vanquished.

Vanquished Creatures (collateral kills)
  Rupert (D:15)
  A minotaur (Gauntlet)
  A deep troll earth mage (D:10)
  A troll (D:15)
  A hornet (Swamp:2)
  A spriggan (Swamp:2)
  A swamp drake (Swamp:2)
  2 killer bees (D:10)
  A worker ant (D:10)
  An adder (D:10)
11 creatures vanquished.

Vanquished Creatures (others)
  A tyrant leech (Swamp:1)
  A raiju (Abyss:3)
  2 insubstantial wisps (Swamp:1)
  An orc (D:9)
  40 fungi
  A lurking horror (Abyss:3)
  61 plants
107 creatures vanquished.

Grand Total: 1114 creatures vanquished

Notes
Turn   | Place    | Note
-------+----------+-------------------------------------------
     0 | D:1      | magipi the Minotaur Conjurer began the quest for the Orb.
     0 | D:1      | Reached XP level 1. HP: 14/14 MP: 1/1
   326 | D:1      | Reached skill level 1 in Fighting
   326 | D:1      | Reached XP level 2. HP: 23/23 MP: 3/3
   383 | D:1      | Reached skill level 1 in Throwing
   632 | D:1      | Reached XP level 3. HP: 29/29 MP: 4/4
   920 | D:2      | Reached skill level 2 in Fighting
  1104 | D:2      | Found a blossoming altar of Fedhas.
  1582 | D:2      | Reached XP level 4. HP: 20/37 MP: 3/5
  2587 | D:4      | Noticed Duvessa
  2587 | D:4      | Noticed Dowan
  2600 | D:3      | Reached skill level 3 in Fighting
  2900 | D:3      | Reached XP level 5. HP: 23/45 MP: 6/6
  3572 | D:4      | Found a staircase to the Ecumenical Temple.
  3585 | Temple   | Entered the Ecumenical Temple
  3589 | Temple   | Reached skill level 4 in Fighting
  3589 | Temple   | Reached XP level 6. HP: 52/52 MP: 7/7
  3696 | Temple   | Became a worshipper of Warmaster Okawaru
  3846 | D:5      | Entered Level 5 of the Dungeon
  4075 | D:5      | Reached * piety under Okawaru
  4075 | D:5      | Reached skill level 5 in Dodging
  4075 | D:5      | Reached XP level 7. HP: 60/60 MP: 8/8
  4126 | D:5      | Reached skill level 5 in Fighting
  4148 | D:5      | Found an ornate altar of the Wu Jian Council.
  4195 | D:4      | HP: 1/61 [acid (10)]
  5375 | D:6      | Reached skill level 6 in Fighting
  5375 | D:6      | Reached skill level 5 in Throwing
  5463 | D:6      | Found a shattered altar of Ashenzari.
  5468 | D:6      | Reached ** piety under Okawaru
  5468 | D:6      | Reached XP level 8. HP: 70/70 MP: 9/9
  5601 | D:6      | Reached skill level 1 in Invocations
  6046 | D:7      | Found an ornate altar of the Wu Jian Council.
  6046 | D:7      | Found a sparkling altar of Nemelex Xobeh.
  6115 | D:7      | Reached skill level 7 in Fighting
  6473 | D:7      | Reached skill level 1 in Armour
  6757 | D:7      | Reached XP level 9. HP: 45/79 MP: 10/10
  6788 | D:7      | Reached *** piety under Okawaru
  7631 | D:8      | Reached skill level 8 in Fighting
  7695 | D:8      | Reached skill level 1 in Maces & Flails
  7709 | D:8      | Noticed a centaur warrior
  7712 | D:8      | Noticed a gargoyle
  8071 | D:8      | Noticed Prince Ribbit
  8083 | D:8      | Killed Prince Ribbit
  8083 | D:8      | Reached **** piety under Okawaru
  8396 | D:9      | Found a hide-covered altar of Uskayaw.
  8780 | D:9      | Reached XP level 10. HP: 78/90 MP: 12/12
  8915 | D:9      | Noticed a two-headed ogre
  8946 | D:9      | Killed a two-headed ogre
  8946 | D:9      | Received a gift from Okawaru
  8946 | D:9      | Reached skill level 5 in Armour
  8946 | D:9      | Reached skill level 5 in Invocations
  8963 | D:9      | Reached skill level 9 in Fighting
  9282 | D:9      | Received a gift from Okawaru
  9545 | D:9      | Noticed a gargoyle
  9560 | D:10     | Entered Level 10 of the Dungeon
  9624 | D:10     | HP: 4/136 [worker ant (5)]
  9637 | D:10     | Reached ***** piety under Okawaru
  9738 | D:9      | Noticed Maurice
  9748 | D:9      | Found a basalt altar of Yredelemnul.
 10061 | D:9      | Killed Maurice
 10064 | D:9      | Reached skill level 5 in Maces & Flails
 10484 | D:9      | Killed a gargoyle
 10789 | D:9      | Found a glowing silver altar of Zin.
 11270 | D:9      | Reached XP level 11. HP: 62/99 MP: 14/14
 11903 | D:4      | Killed Duvessa
 11907 | D:4      | Killed Dowan
 12295 | D:10     | Noticed a deep troll earth mage
 12308 | D:10     | Killed a deep troll earth mage
 12308 | D:10     | Received a gift from Okawaru
 12404 | D:10     | Reached skill level 1 in Evocations
 12656 | D:10     | Found Weirohuc's Assorted Antiques.
 12659 | D:10     | Bought a wand of enslavement (8) for 62 gold pieces
 12659 | D:10     | Bought a brass ring for 155 gold pieces
 12659 | D:10     | Bought a steel ring for 155 gold pieces
 12659 | D:10     | Bought a scroll of identify for 62 gold pieces
 12950 | D:11     | Noticed Nergalle
 12998 | D:11     | Got a bronze ring mail
 13408 | D:11     | Identified the +1 ring mail of Vehumet's Generosity {rC-
                  | MR++ Int+3} (You found it on level 11 of the Dungeon)
 13419 | D:10     | Received a gift from Okawaru
 13455 | D:10     | Reached skill level 10 in Fighting
 13695 | D:11     | Found a staircase to the Lair.
 13707 | D:11     | Killed Nergalle
 13865 | D:11     | Noticed a purple ugly thing
 13877 | D:11     | Killed a purple ugly thing
 13954 | D:11     | Found a shimmering altar of Xom.
 14381 | Lair:1   | Entered Level 1 of the Lair of Beasts
 14466 | Lair:1   | Noticed an eight-headed hydra
 14504 | Lair:1   | Killed an eight-headed hydra
 14740 | Lair:1   | Found a runed translucent gate.
 14740 | Lair:1   | Found a runed translucent gate.
 14744 | Lair:1   | Found a runed translucent gate.
 14744 | Lair:1   | Noticed a minotaur
 14745 | Lair:1   | Noticed sixsigma's ghost (journeyman GnWz)
 14789 | Lair:1   | Reached skill level 10 in Dodging
 15075 | Lair:1   | Reached XP level 12. HP: 84/108 MP: 16/16
 15082 | Lair:1   | Noticed a five-headed hydra
 15094 | Lair:1   | Received a gift from Okawaru
 15095 | Lair:1   | Killed a five-headed hydra
 15446 | Lair:1   | Received a gift from Okawaru
 15688 | Lair:2   | Noticed a six-headed hydra
 15697 | Lair:2   | Killed a six-headed hydra
 16045 | Lair:2   | Found a staircase to the Swamp.
 16074 | Lair:2   | Reached skill level 11 in Fighting
 16992 | Lair:3   | Found a staircase to the Snake Pit.
 17718 | Lair:4   | Reached skill level 10 in Throwing
 17875 | Lair:4   | Received a gift from Okawaru
 17881 | Lair:4   | Reached XP level 13. HP: 107/116 MP: 16/18
 18171 | Lair:4   | Received a gift from Okawaru
 18232 | Lair:4   | Reached skill level 5 in Evocations
 18413 | Lair:4   | Noticed an entropy weaver
 18696 | Lair:2   | Killed an entropy weaver
 19134 | Lair:4   | Noticed an entropy weaver
 19570 | Lair:4   | Killed an entropy weaver
 20229 | Lair:5   | Found a staircase to the Slime Pits.
 20275 | Lair:5   | Identified the +6 ring mail "Zoil" {Str+4 SInv} (You found
                  | it on level 5 of the Lair of Beasts)
 20314 | Lair:5   | Noticed Snorg
 20608 | Lair:5   | Received a gift from Okawaru
 20763 | Lair:5   | Reached skill level 12 in Fighting
 21036 | Lair:5   | Killed Snorg
 21044 | Lair:5   | Received a gift from Okawaru
 21093 | Lair:6   | Entered Level 6 of the Lair of Beasts
 21210 | Lair:6   | Reached skill level 10 in Armour
 21233 | Lair:6   | Received a gift from Okawaru
 21555 | Lair:6   | Reached XP level 14. HP: 115/126 MP: 19/19
 21942 | Lair:6   | Received a gift from Okawaru
 21966 | Lair:6   | Reached skill level 10 in Maces & Flails
 22004 | Lair:6   | Received a gift from Okawaru
 22914 | Lair:6   | Identified the +4 ring mail "Zaam" {rC+ Regen+ Dex+2
                  | Stlth-} (You found it on level 6 of the Lair of Beasts)
 22949 | Lair:6   | Got an encrusted scale mail
 22984 | Lair:6   | Identified the +5 scale mail of the Fiddle {rF- Str+3
                  | Int+2} (You found it on level 6 of the Lair of Beasts)
 23675 | D:12     | Received a gift from Okawaru
 23716 | D:12     | You fall into a shaft and drop 3 floors!
 23716 | D:15     | Entered Level 15 of the Dungeon
 23773 | D:12     | Found a gate leading to a gauntlet.
 23794 | Gauntlet | Entered a Gauntlet
 23794 | Gauntlet | Found a transporter.
 23803 | Gauntlet | Found a transporter.
 23818 | Gauntlet | Found a transporter.
 23824 | Gauntlet | Found a transporter.
 23841 | Gauntlet | Found a transporter.
 23858 | Gauntlet | Found a transporter.
 23870 | Gauntlet | Found the ring of Phasing {EV+8}
 23870 | Gauntlet | Found a transporter.
 23882 | Gauntlet | Found a transporter.
 23891 | Gauntlet | Found a transporter.
 23902 | Gauntlet | Found a large runed translucent door.
 23903 | Gauntlet | Found a large runed translucent door.
 23904 | Gauntlet | Found a large runed translucent door.
 23904 | Gauntlet | Found a large runed translucent door.
 23905 | Gauntlet | Found a runed translucent gate.
 23906 | Gauntlet | Found a transporter.
 23906 | Gauntlet | Found a runed translucent gate.
 23907 | Gauntlet | Found a runed translucent gate.
 23908 | Gauntlet | Found a large runed translucent door.
 23908 | Gauntlet | Found a large runed translucent door.
 23909 | Gauntlet | Found a large runed translucent door.
 23910 | Gauntlet | Found a large runed translucent door.
 23919 | Gauntlet | Found a large runed translucent door.
 23919 | Gauntlet | Found a large runed translucent door.
 23919 | Gauntlet | Found a runed translucent door.
 23919 | Gauntlet | Found a runed translucent door.
 23920 | Gauntlet | Found a large runed translucent door.
 23921 | Gauntlet | Found a large runed translucent door.
 23923 | Gauntlet | Found a transporter.
 23931 | Gauntlet | Found a large runed translucent door.
 23931 | Gauntlet | Found a large runed translucent door.
 23932 | Gauntlet | Found a large runed translucent door.
 23933 | Gauntlet | Found a large runed translucent door.
 23941 | Gauntlet | Found a transporter.
 23943 | Gauntlet | Found a transporter.
 23990 | Gauntlet | Found a transporter.
 24097 | Gauntlet | Found a transporter.
 24097 | Gauntlet | Found a transporter.
 24102 | Gauntlet | Found a transporter.
 24118 | Gauntlet | Found a transporter.
 24262 | Gauntlet | Got a fine broad axe
 24263 | Gauntlet | Identified the +3 broad axe of Sekaphor {flame, rElec rF+}
                  | (You found it in a Gauntlet)
 24267 | Gauntlet | Got a pair of steaming boots
 24278 | Gauntlet | Identified the +1 pair of boots "Gikismag" {*Drain +Blink
                  | rC+++ Regen+} (You found it in a Gauntlet)
 24354 | Gauntlet | Identified the +4 plate armour of Cezxuym {Dex+2}
 24367 | Gauntlet | Received a gift from Okawaru
 24430 | Gauntlet | Got a translucent kite shield
 24936 | D:12     | Found a staircase to the Orcish Mines.
 25112 | D:13     | Found a gate to the Vaults.
 25112 | D:13     | Noticed Nessos
 25122 | D:12     | Reached skill level 1 in Axes
 25330 | D:13     | Reached skill level 13 in Fighting
 25427 | D:13     | Killed Nessos
 25431 | D:13     | Identified the +0 kite shield of Xiceerr {rF+ Str+6 Dex-2}
                  | (You found it in a Gauntlet)
 25521 | D:13     | Reached XP level 15. HP: 134/134 MP: 21/21
 25740 | D:13     | Reached skill level 10 in Invocations
 26211 | D:14     | Reached ****** piety under Okawaru
 26286 | D:14     | Received a gift from Okawaru
 26614 | D:14     | Noticed a storm dragon
 27176 | D:15     | Received a gift from Okawaru
 27213 | Orc:1    | Entered Level 1 of the Orcish Mines
 27736 | Orc:2    | Entered Level 2 of the Orcish Mines
 27818 | Orc:2    | Reached skill level 5 in Axes
 27920 | Orc:2    | Found Nosch's Book Emporium.
 28042 | Orc:2    | Received a gift from Okawaru
 28077 | Orc:2    | Found Ixkou's General Store.
 28116 | Orc:2    | Found a staircase to the Elven Halls.
 28161 | Orc:2    | Found Etisch's Antique Weapon Shop.
 28186 | Orc:2    | Received a gift from Okawaru
 28399 | Orc:2    | Found Wuuloumomill's Antique Armour Emporium.
 28423 | Orc:2    | Bought a fine scale mail for 198 gold pieces
 28897 | D:15     | Received a gift from Okawaru
 28939 | D:15     | Found a shimmering blue altar of Sif Muna.
 29109 | D:15     | Noticed Rupert
 29118 | D:15     | Killed Rupert
 29118 | D:15     | Received a gift from Okawaru
 29249 | D:15     | Found a staircase to the Depths.
 29546 | D:11     | Received a gift from Okawaru
 29841 | Swamp:1  | Entered Level 1 of the Swamp
 29899 | Swamp:1  | Reached XP level 16. HP: 81/144 MP: 23/23
 30123 | Swamp:2  | Identified the +4 scale mail "Dallanwame" {rF+} (You bought
                  | it in a shop on level 2 of the Orcish Mines)
 30173 | Swamp:2  | Received a gift from Okawaru
 30269 | Swamp:2  | Noticed Louise
 30274 | Swamp:2  | Cast into level 3 of the Abyss (Louise)
 30484 | Abyss:3  | Received a gift from Okawaru
 30522 | Abyss:3  | Noticed a tentacled starspawn
 30554 | Abyss:3  | Noticed a tentacled starspawn
 30617 | Abyss:3  | Reached skill level 14 in Fighting
 30649 | Swamp:2  | Escaped the Abyss
 30670 | Swamp:2  | Killed Louise
 31034 | Swamp:1  | Mangled by a shambling mangrove

Levels and vault maps discovered:
D:1:      minmay_arrival_stair_chambers, layout_basic, st_stairs_3, nrook_uturn,
          minmay_pentomino_q2
D:2:      layout_loops_corners, fedhas_ov_isle_minmay, hex_tiny
D:3:      layout_loops_ring
D:4:      layout_rooms, minmay_temple_entry_tees, first_ration, uniq_duvessa
D:5:      layout_basic, basic_altar
D:6:      layout_loops_cross, lemuel_doored_altar
D:7:      layout_basic, gammafunk_temple_overflow_wave, grunt_ogre_cave
D:8:      layout_rooms, minivault_12, uniq_prince_ribbit1
D:9:      minmay_the_grid_4x2 [minmay_the_grid_spin_star,
          minmay_the_grid_stretched_grid, minmay_the_grid_minigrid_small_alt,
          minmay_the_grid_paths, minmay_the_grid_pillar_ring,
          minmay_the_grid_all_tris, minmay_the_grid_rooms,
          minmay_the_grid_prize_trominoes], layout_basic, old_standard_altar,
          kennysheep_little_box, basic_altar, uniq_maurice
D:10:     layout_cave_pools, serial_shops, kennysheep_mini_moat,
          kennysheep_just_a_vault
D:11:     lemuel_ogre_cave, layout_rooms, minmay_lair_entry_grove, basic_altar,
          uniq_nergalle
D:12:     layout_gridville, hiddenorc2_lemuel, gauntlet_entry_generic,
          kennysheep_generic_room_13
D:13:     layout_roguey, david_vaults_3, minmay_misc_feat_tower
D:14:     layout_basic, enter_bailey_3, kennysheep_small_spiral, serial_rivers,
          chequers_serial_rivers_micro_e, chequers_serial_rivers_large_a,
          chequers_serial_rivers_marsh, chequers_serial_rivers_room_a,
          chequers_serial_rivers_small_a, chequers_serial_rivers_room_b,
          onia_ninara_dug_in_and_dangerous, uniq_nessos
D:15:     grunt_enter_depths_hoard, layout_cave_pools, basic_altar, uniq_rupert
Temple:   nicolae_temple_elliptical
Lair:1:   layout_roguey, maelrawn_ghost_gauntlet_escape, beast_lair_carwin_4
Lair:2:   layout_cave_pods, skrybe_swamp_entry_bodies
Lair:3:   layout_cave_pods, minmay_snake_entry_guardpost_small,
          beast_lair_carwin_6, lemuel_fruit_fields
Lair:4:   layout_regular_city, minivault_25, zaba_anthell
Lair:5:   layout_cave_pods, minmay_slime_entry_jelly_boxes, grunt_megastairs_2,
          lemuel_fruit_fields, uniq_snorg
Lair:6:   minmay_lair_end_frog_pond, layout_loops_ring,
          chequers_serial_rivers_micro_c
Swamp:1:  layout_basic_swamp, infiniplex_staircase_pool
Swamp:2:  layout_basic_swamp, infiniplex_staircase_pool_2, swamp_pool1,
          worms_lemuel, uniq_louise
Orc:1:    layout_caves, minmay_orc_keep
Orc:2:    grunt_orc_gardens, layout_caves, grunt_orc_garden, grunt_orc_garden,
          grunt_orc_garden, grunt_orc_garden

Skill      XL: |  1  2  3  4  5  6  7  8  9 10 11 12 13 14 15 16 |
---------------+-------------------------------------------------+-----
Conjurations   | 3 |  3.0
Fighting       | 1 2 3 4 6 7 8 9 10 11 12 13 14 | 14.0
Throwing       | 1 2 3 4 5 6 7 8 9 10 11 12 13 | 13.4
Dodging        | 3 4 5 6 7 8 9 10 11 12 13 | 13.2
Invocations    | 3 4 6 7 8 9 10 11 | 11.0
Armour         | 2 4 6 7 9 10 11 12 | 12.3
Maces & Flails | 2 5 7 8 9 10 | 10.2
Evocations     | 3 4 6 7 8 |  8.5
Axes           | 2 7 8 |  8.9
Stealth        | |  1.5
Spellcasting   | |  1.3

Action                   |  1- 3 |  4- 6 |  7- 9 | 10-12 | 13-15 | 16-18 || total
-------------------------+-------+-------+-------+-------+-------+-------++-------
Melee: Unarmed           |    23 |       |    18 |       |       |       ||    41
       Club              |     8 |       |       |       |       |       ||     8
       Headbutt          |    16 |    33 |    79 |   172 |   393 |    48 ||   741
       Dagger            |    37 |       |     3 |     9 |       |       ||    49
       Spear             |    70 |   211 |   337 |       |       |       ||   618
       Whip              |       |       |   144 |   858 |   881 |       ||  1883
       Punch             |       |       |       |     2 |     7 |       ||     9
       Lajatang          |       |       |       |       |   398 |       ||   398
       Broad axe         |       |       |       |       |   646 |   193 ||   839
       Trident           |       |       |       |       |    17 |       ||    17
Throw: Dart              |       |     4 |    30 |    10 |       |       ||    44
       Javelin           |       |       |       |     7 |    23 |     4 ||    34
 Cast: Magic Dart        |     4 |       |       |       |       |       ||     4
Invok: Heroism           |       |       |       |    17 |    29 |     9 ||    55
       Finesse           |       |       |       |       |     1 |       ||     1
 Abil: Evoke Invisibilit |       |       |       |       |     2 |       ||     2
Evoke: Wand              |       |       |       |    18 |    30 |     5 ||    53
       Sack of spiders   |       |       |       |     3 |       |       ||     3
       Box of beasts     |       |       |       |     1 |     2 |       ||     3
       Tin of tremorston |       |       |       |     1 |       |       ||     1
       Phial of floods   |       |       |       |       |     2 |     1 ||     3
  Use: Scroll            |       |     9 |    11 |     7 |    17 |     4 ||    48
       Potion            |       |       |     3 |     6 |     2 |     4 ||    15
 Stab: Sleeping          |     5 |     1 |     1 |       |       |       ||     7
       Paralysed         |       |       |       |     4 |    22 |       ||    26
  Eat: Chunk             |     2 |     4 |    16 |    26 |    32 |     3 ||    83
       Ration            |       |     1 |     2 |     1 |     3 |     1 ||     8
Armor: Troll leather arm |    25 |    10 |       |       |       |       ||    35
       Robe              |     2 |       |       |       |       |       ||     2
       Chain mail        |       |    76 |    67 |    37 |     7 |       ||   187
       Plate armour      |       |       |   184 |   136 |       |       ||   320
       Skin              |       |       |    23 |    86 |       |       ||   109
       Scale mail        |       |       |       |   184 |   794 |   137 ||  1115
Dodge: Dodged            |    88 |   107 |   168 |   419 |   961 |   150 ||  1893
Block: Tower shield      |       |       |       |       |   241 |       ||   241
       Kite shield       |       |       |       |       |   333 |   124 ||   457

Table legend:
 A = Non-vault XP
 B = Vault XP
 C = Vault XP percentage of total XP
 D = Non-vault monster count
 E = Vault monster count
 F = Vault count percentage of total count
                 A         B        C        D         E       F
            +---------+---------+-------+---------+---------+-------
      Total |  107129 |   69879 |  39.5 |     711 |     293 |  29.2
            +---------+---------+-------+---------+---------+-------
        D:1 |      40 |       8 |  16.7 |      18 |       4 |  18.2
        D:2 |      57 |       0 |   0.0 |      19 |       0 |   0.0
        D:3 |     232 |       0 |   0.0 |      37 |       0 |   0.0
        D:4 |     242 |     229 |  48.6 |       9 |       2 |  18.2
        D:5 |     539 |       0 |   0.0 |      22 |       0 |   0.0
        D:6 |     916 |       0 |   0.0 |      20 |       0 |   0.0
        D:7 |    1500 |     118 |   7.3 |      26 |       1 |   3.7
        D:8 |    1141 |     274 |  19.4 |      31 |       1 |   3.1
        D:9 |    1596 |    3475 |  68.5 |      41 |      24 |  36.9
       D:10 |    1156 |    2202 |  65.6 |      26 |      10 |  27.8
       D:11 |    3061 |    9196 |  75.0 |      16 |      26 |  61.9
       D:12 |    6734 |    2035 |  23.2 |      51 |      39 |  43.3
       D:13 |    5547 |    5444 |  49.5 |      23 |      15 |  39.5
       D:14 |    4967 |       8 |   0.2 |      28 |       4 |  12.5
       D:15 |    8440 |    4134 |  32.9 |      28 |       3 |   9.7
     Temple |      42 |       0 |   0.0 |       1 |       0 |   0.0
     Lair:1 |    6486 |     457 |   6.6 |      25 |       4 |  13.8
     Lair:2 |    5863 |    1632 |  21.8 |      20 |       2 |   9.1
     Lair:3 |    1337 |    2052 |  60.5 |       8 |      14 |  63.6
     Lair:4 |    7777 |    7046 |  47.5 |      30 |      44 |  59.5
     Lair:5 |    5844 |    2165 |  27.0 |      22 |      15 |  40.5
     Lair:6 |   11411 |   12562 |  52.4 |      47 |      50 |  51.5
    Swamp:1 |    6475 |       0 |   0.0 |      20 |       0 |   0.0
    Swamp:2 |    5222 |    1202 |  18.7 |      12 |       1 |   7.7
      Orc:1 |    4595 |     272 |   5.6 |      55 |       9 |  14.1
      Orc:2 |    5194 |    8952 |  63.3 |      45 |      12 |  21.1
    Abyss:3 |   10173 |    2789 |  21.5 |      29 |       4 |  12.1
   Gauntlet |     542 |    3627 |  87.0 |       2 |       9 |  81.8
            +---------+---------+-------+---------+---------+-------

Action                   |  1- 3 |  4- 6 |  7- 9 | 10-12 | 13-15 | 16-18 || total
-------------------------+-------+-------+-------+-------+-------+-------++-------
Melee: Unarmed           |    23 |       |    18 |       |       |       ||    41
       Club              |     8 |       |       |       |       |       ||     8
       Headbutt          |    16 |    33 |    79 |   172 |   393 |    48 ||   741
       Dagger            |    37 |       |     3 |     9 |       |       ||    49
       Spear             |    70 |   211 |   337 |       |       |       ||   618
       Whip              |       |       |   144 |   858 |   881 |       ||  1883
       Punch             |       |       |       |     2 |     7 |       ||     9
       Lajatang          |       |       |       |       |   398 |       ||   398
       Broad axe         |       |       |       |       |   646 |   193 ||   839
       Trident           |       |       |       |       |    17 |       ||    17
Throw: Dart              |       |     4 |    30 |    10 |       |       ||    44
       Javelin           |       |       |       |     7 |    23 |     4 ||    34
 Cast: Magic Dart        |     4 |       |       |       |       |       ||     4
Invok: Heroism           |       |       |       |    17 |    29 |     9 ||    55
       Finesse           |       |       |       |       |     1 |       ||     1
 Abil: Evoke Invisibilit |       |       |       |       |     2 |       ||     2
Evoke: Wand              |       |       |       |    18 |    30 |     5 ||    53
       Sack of spiders   |       |       |       |     3 |       |       ||     3
       Box of beasts     |       |       |       |     1 |     2 |       ||     3
       Tin of tremorston |       |       |       |     1 |       |       ||     1
       Phial of floods   |       |       |       |       |     2 |     1 ||     3
  Use: Scroll            |       |     9 |    11 |     7 |    17 |     4 ||    48
       Potion            |       |       |     3 |     6 |     2 |     4 ||    15
 Stab: Sleeping          |     5 |     1 |     1 |       |       |       ||     7
       Paralysed         |       |       |       |     4 |    22 |       ||    26
  Eat: Chunk             |     2 |     4 |    16 |    26 |    32 |     3 ||    83
       Ration            |       |     1 |     2 |     1 |     3 |     1 ||     8
Armor: Troll leather arm |    25 |    10 |       |       |       |       ||    35
       Robe              |     2 |       |       |       |       |       ||     2
       Chain mail        |       |    76 |    67 |    37 |     7 |       ||   187
       Plate armour      |       |       |   184 |   136 |       |       ||   320
       Skin              |       |       |    23 |    86 |       |       ||   109
       Scale mail        |       |       |       |   184 |   794 |   137 ||  1115
Dodge: Dodged            |    88 |   107 |   168 |   419 |   961 |   150 ||  1893
Block: Tower shield      |       |       |       |       |   241 |       ||   241
       Kite shield       |       |       |       |       |   333 |   124 ||   457
